 Dungeon Crawl Stone Soup version 0.20-a0-439-g81164ae (webtiles) character file.

133 Asddderdsw the Ruffian (level 4, -2/35 HPs)
             Began as a Draconian Transmuter on Jan 5, 2017.
             Slain by an orc
             ... wielding a +0 trident
              (8 damage)
             ... on level 3 of the Dungeon.
             The game lasted 00:30:20 (2794 turns).

Asddderdsw the Ruffian (Draconian Transmuter)       Turns: 2794, Time: 00:30:20

Health: -2/35      AC:  2    Str: 13    XL:     4   Next: 93%
Magic:  4/7        EV: 20    Int: 14    God:
Gold:   130        SH:  0    Dex: 16    Spells: 2/8 levels left

rFire  . . .     SeeInvis .       - Unarmed
rCold  . . .     Gourm    .     (armour unavailable)
rNeg   . . .     Faith    .     (shield currently unavailable)
rPois  x         Spirit   .     (helmet currently unavailable)
rElec  .         Reflect  .     (cloak currently unavailable)
rCorr  .         Harm     .     (gloves currently unavailable)
MR     .....                    (boots currently unavailable)
Stlth  ++........               (no amulet)
                                (no ring)
                                (no ring)

@: spider-form (expiring)
A: unfitting armour, (cold-blooded), AC +5
a: End Transformation


You were on level 3 of the Dungeon.
You were not hungry.
You were a venomous arachnid creature.
You visited 1 branch of the dungeon, and saw 3 of its levels.

You collected 130 gold pieces.

Inventory:

Hand Weapons
 g - a +0 club
 i - a +2 mace of holy wrath (melded)
 l - a +0 trident
 n - a +0 whip
Missiles
 a - 12 arrows
Armour
 k - a +0 cloak (melded)
 p - +0 acid dragon scales
Wands
 d - a wand of confusion (35/48)
Scrolls
 f - 3 scrolls of remove curse {unknown}
 h - a scroll of identify
 j - 2 scrolls of teleportation {unknown}
 o - 2 scrolls of magic mapping {unknown}
Potions
 e - 2 potions of magic {unknown}
Books
 b - a book of Changes

   Spells                             Type                      Level
   a - Beastly Appendage              Transmutation                1
   b - Sticks to Snakes               Transmutation                2
   c - Spider Form                    Transmutation/Poison         3
   d - Ice Form                       Ice/Transmutation            4
   e - Blade Hands                    Transmutation                5
Comestibles
 c - 2 bread rations
 m - a slice of pizza
 q - a chunk of flesh


   Skills:
 + Level 1.5 Fighting
 + Level 1.4 Maces & Flails
 + Level 2.6 Dodging
 + Level 0.8 Stealth
 + Level 4.0 Unarmed Combat
 + Level 2.5 Spellcasting
 + Level 2.2 Transmutations
 + Level 0.4 Poison Magic


You had 2 spell levels left.
You knew the following spells:

 Your Spells              Type           Power        Failure   Level  Hunger
a - Beastly Appendage     Tmut           #.....       28%         1    #......
b - Sticks to Snakes      Tmut           #.......     36%         2    ###....
c - Spider Form           Tmut/Pois      #.........   69%         3    ###....


Dungeon Overview and Level Annotations

Branches:
Dungeon (3/15)

Altars:
Nemelex Xobeh


Innate Abilities, Weirdness & Mutations

((Your plain brown scales are hard. (AC +5)))
You cannot fit into any form of body armour.
((You are cold-blooded and may be slowed by cold attacks.))


Message History

Casting: Beastly Appendage
Confirm with . or Enter, or press ? or * to list all spells.
You turn into a venomous arachnid creature.
Your +2 mace of holy wrath melds into your body.
Your +0 cloak melds into your body.
Your +2 mace of holy wrath stops glowing.
You hear some strange, mumbled words.
A magic dart appears from out of thin air!
The magic dart hits you! The orc misses you. The orc completely misses you.
You hit the orc.
The orc is poisoned.
The orc is severely wounded.
You kill the orc!
Something hits you. The orc barely misses you. The orc hits you with a war axe!
Your transformation is almost over.
The orc hits you with a war axe!
* * * LOW HITPOINT WARNING * * *
Something hits you.
* * * LOW HITPOINT WARNING * * *
The orc hits you with a trident!
You die...

#................# .#
#................# .#
#................#..#
#................#..#
#######.......^.....#
#.####.###.##.#
#.#.....[.....##.#
######.#..!...........#
.......os..#.##.#######
.......o...#..#.#
...........##.#.#
.......)...# ...#
...........# #..#
######.##### ..# #.
#..# .. #..


You could see 2 orcs.

Vanquished Creatures
  5 adders
  An ooze (D:2)
  5 worms (D:2)
  A dart slug (D:1)
  2 leopard geckos
  An orc (D:3)
  2 bat skeletons (D:2)
  A bat zombie (D:2)
  3 giant cockroaches
  7 goblins
  8 hobgoblins
  3 kobolds (D:2)
  A ball python (D:2)
  A ball python skeleton (D:2)
  5 bats (D:2)
  2 frilled lizards (D:1)
  A jackal skeleton (D:2)
  A jackal zombie (D:2)
  A leopard gecko zombie (D:2)
  18 rats
  A plant (D:2)
  5 withered plants (D:2)
75 creatures vanquished.

Notes
Turn   | Place    | Note
-------+----------+-------------------------------------------
     0 | D:1      | Asddderdsw the Draconian Transmuter began the quest for the Orb.
     0 | D:1      | Reached XP level 1. HP: 16/16 MP: 3/3
   165 | D:1      | Reached XP level 2. HP: 23/23 MP: 5/5
   169 | D:1      | Learned a level 2 spell: Sticks to Snakes
   883 | D:2      | Reached XP level 3. HP: 6/28 MP: 6/6
  1024 | D:2      | Learned a level 3 spell: Spider Form
  1719 | D:2      | Reached skill level 1 in Maces & Flails
  1761 | D:2      | Found a sparkling altar of Nemelex Xobeh.
  1789 | D:2      | Reached XP level 4. HP: 35/35 MP: 7/7
  1879 | D:2      | Upgraded the game from 0.20-a0-438-g3bc703b to 0.20-a0-439-g81164ae
  2267 | D:2      | Reached skill level 4 in Unarmed Combat
  2794 | D:3      | Slain by an orc

Vault maps used:
D:1:      onia_arrival_larder
D:2:      nemelex_xobeh_ov_fountains_minmay, serial_undead, serial_undead_f,
          serial_undead_b, serial_undead_e, serial_undead_c, serial_undead_f,
          serial_undead_c, serial_bayou_pond_b

Skill      XL: |  1  2  3  4 |
---------------+-------------+-----
Dodging        | 2 |  2.6
Maces & Flails | 1 |  1.4
Unarmed Combat | 4 |  4.0
Fighting       | |  1.5
Stealth        | |  0.8
Spellcasting   | |  2.5
Transmutations | |  2.2
Poison Magic   | |  0.4

Action                   |  1- 3 |  4- 6 || total
-------------------------+-------+-------++-------
Melee: Unarmed           |    80 |    21 ||   101
       Punch             |     6 |       ||     6
       Mace              |   219 |    62 ||   281
       Club              |    13 |       ||    13
       Tailslap          |    35 |     8 ||    43
       Kick              |     1 |       ||     1
       Headbutt          |     1 |       ||     1
 Cast: Beastly Appendage |     8 |     2 ||    10
       Spider Form       |     3 |     4 ||     7
 Abil: End Transformatio |     1 |       ||     1
  Use: Scroll            |     2 |     1 ||     3
       Potion            |     1 |       ||     1
 Stab: Sleeping          |     1 |       ||     1
  Eat: Chunk             |     4 |     2 ||     6
       Bread ration      |       |     1 ||     1
       Beef jerky        |       |     1 ||     1
Armor: Skin              |    50 |    20 ||    70
Dodge: Dodged            |   119 |    47 ||   166
